 Dungeon Crawl Stone Soup version 0.30.0-29-ga12c61a403 (webtiles) character file.

Game seed: 6326631543724980703

164 Peloso the Covered (level 5, -6/47 HPs)
             Began as a Minotaur Fighter on June 16, 2023.
             Succumbed to Sigmund's poison
             ... on level 3 of the Dungeon.
             The game lasted 00:04:22 (2009 turns).

Peloso the Covered (Minotaur Fighter)               Turns: 2009, Time: 00:04:23

Health: -6/47      AC: 13    Str: 20    XL:     5   Next: 21%
Magic:  4/4        EV:  6    Int:  5    God:
Gold:   131        SH:  5    Dex: 12    Spells: 4/4 levels left

rFire   . . .        a - +0 long sword
rCold   . . .        d - +0 buckler
rNeg    . . .        i - +0 plate armour
rPois   .            (helmet restricted)
rElec   .            (no cloak)
rCorr   .            (no gloves)
SInv    .            c - +0 pair of boots
Will    .....        (no amulet) Stlth
                     (no ring)
HPRegen 0.27/turn    (no ring)
MPRegen 0.09/turn

%: no passive effects
@: lethally poisoned (-6 -> -37)
A: horns 2, retaliatory headbutt
a: no special abilities


You were on level 3 of the Dungeon.
You visited 1 branch of the dungeon, and saw 3 of its levels.

You collected 131 gold pieces.

Inventory:

Hand Weapons
 a - a +0 long sword (weapon)
Armour
 b - a +0 scale mail
 c - a +0 pair of boots (worn)
 d - a +0 buckler (worn)
 i - a +0 plate armour (worn)
Jewellery
 l - a ring of wizardry
Scrolls
 e - 2 scrolls of identify {unknown}
 f - 2 scrolls of poison {unknown}
 j - a scroll of immolation {unknown}
 k - 2 scrolls of teleportation {unknown}
 m - a scroll of enchant armour {unknown}
 n - a scroll of amnesia {unknown}
 o - a scroll of enchant weapon {unknown}
Potions
 h - a potion of might
 p - a potion of ambrosia {unknown}


   Skills:
 + Level 4.5 Fighting
 + Level 4.3 Long Blades
 + Level 4.8 Armour
 + Level 1.0 Dodging
 + Level 0.6 Stealth
 + Level 4.1 Shields


You had 4 spell levels left.
You didn't know any spells.
Your spell library contained the following spells:

 Spells                   Type           Power      Damage    Failure   Level
 Freeze                   Ice            0%         1d3       100%        1
 Sandblast                Erth           0%         2d4       100%        1
 Passwall                 Tmut/Erth      0%         N/A       100%        2
 Frozen Ramparts          Ice            0%         1d1       100%        3
 Hailstorm                Conj/Ice       0%         3d3       100%        3
 Stone Arrow              Conj/Erth      0%         3d7       100%        3


Dungeon Overview and Level Annotations

Branches:
Dungeon (3/15)

Altars:
Uskayaw

Annotations:
D:3 Sigmund


Innate Abilities, Weirdness & Mutations

You have a pair of horns on your head.
You reflexively headbutt those who attack you in melee.


Message History

You are poisoned.
You feel very sick. Something hits you.
You are more poisoned.
You see here a quokka corpse.
You miss something.
You feel very sick.
You slash something! You headbutt something.
You feel very sick. Something completely misses you.
You miss something.
You feel very sick. Something hits you but does no damage.
You are more poisoned.
You closely miss something. Your headbutt misses something.
You feel very sick. Something hits you but does no damage.
You miss something. Your headbutt misses something.
You feel very sick.
You hear some strange, mumbled words.
Something tries to affect you, but you resist.
It was a potion of curing.
You feel better. Something hits you but does no damage.
You are poisoned.
You miss something. Your headbutt misses something.
You feel sick.
You hit something but do no damage.
You feel sick. Something hits you.
You are more poisoned.
You miss something.
You feel very sick. Something hits you.
* * * LOW HITPOINT WARNING * * *
You are lethally poisoned!
You closely miss something. You headbutt something.
* * * LOW HITPOINT WARNING * * *
You feel extremely sick. Something hits you.
* * * LOW HITPOINT WARNING * * *
You are more poisoned.
You hit something but do no damage.
You die...

##r## ...# #####
#..# #....
#####..#######.##.
#.................
#.##.##.######....
#b##.##.........#.
#{##.#######.#.#..
#@##.# #<......
#.##?# #..#.#..
#)##.# #.#...#.
#.##.# ####..(...#
#.. .......)###
[.. ......).# ##.#
####....# .#
#..#.# .# #....#>


You could see a bat.

Vanquished Creatures
  Natasha (twice) (D:2)
  A gnoll (D:1)
  5 adders
  A dart slug (D:1)
  3 bats
  5 endoplasms
  2 giant cockroaches
  6 goblins
  4 hobgoblins
  3 jackals (D:2)
  5 kobolds
  2 quokkas (D:3)
  5 ball pythons
  4 frilled lizards
  9 rats
57 creatures vanquished.

Notes
Turn   | Place    | Note
-------+----------+-------------------------------------------
     0 | D:1      | Peloso the Minotaur Fighter began the quest for the Orb.
     0 | D:1      | Reached XP level 1. HP: 19/19 MP: 0/0
   157 | D:1      | Reached XP level 2. HP: 26/27 MP: 1/1
   626 | D:2      | Reached XP level 3. HP: 18/33 MP: 2/2
  1096 | D:2      | Noticed Natasha
  1107 | D:2      | Killed Natasha
  1108 | D:2      | Reached XP level 4. HP: 32/41 MP: 3/3
  1683 | D:2      | Noticed Natasha
  1691 | D:2      | Killed Natasha
  1692 | D:2      | Reached skill level 1 in Dodging
  1692 | D:2      | Reached XP level 5. HP: 40/47 MP: 4/4
  1921 | D:3      | Found a hide-covered altar of Uskayaw.
  1980 | D:3      | Noticed Sigmund
  2008 | D:3      | HP: 1/47 [something (4)]
  2009 | D:3      | Succumbed to Sigmund's poison

Illustrated notes

Levels and vault maps discovered:
D:1:      zaba_arrival_water, layout_rooms
D:2:      layout_basic, hangedman_decor_lopped, uniq_natasha
D:3:      layout_loops_ring, nicolae_overflow_hidden_temple,
          uniq_crazy_yiuf_cottage, uniq_sigmund

Skill      XL: |  1  2  3  4 |
---------------+-------------+-----
Armour         | 4 |  4.8
Fighting       | 4 |  4.5
Long Blades    | 3 4 |  4.3
Shields        | 4 |  4.1
Dodging        | 1 |  1.0
Stealth        | |  0.6

Action                     |  1- 3 |  4- 6 || total
---------------------------+-------+-------++-------
  Melee: Long sword        |    79 |    86 ||   165
         Headbutt          |     8 |     6 ||    14
    Use: Potion            |     1 |     1 ||     2
 Armour: Scale mail        |     7 |       ||     7
         Plate armour      |    63 |    55 ||   118
  Dodge: Dodged            |    32 |    26 ||    58
  Block: Buckler           |    19 |    18 ||    37
